 Dungeon Sprint DCSS version 0.27.1-33-g824d729ab1 (webtiles) character file.

Game seed: 11676993641023633307

51718 manyhoops the Slayer (level 14, -12/155 HPs)
             Began as a Minotaur Berserker on Nov 27, 2021.
             Was a High Priest of Trog.
             Killed by an exploding ball lightning (14 damage)
             ... in the Dungeon (Sprint I: "Red Sonja").
             The game lasted 00:19:08 (4507 turns).

manyhoops the Slayer (Minotaur Berserker)           Turns: 4507, Time: 00:19:08

Health: -12/155    AC: 26    Str: 26    XL:     14   Next: 24%
Magic:  13/13      EV: 12    Int:  4    God:    Trog [*****.]
Gold:   54         SH:  5    Dex: 11    Spells: 13/13 levels left

rFire    x . .     SeeInvis +   I - +14 obsidian axe {vorpal, Mesm Drain Fly SInv}
rCold    + + .     Faith    .   (no shield)
rNeg     + + .     Spirit   .   p - +4 chain mail {rC+}
rPois    .         Reflect  +   (helmet restricted)
rElec    .         Harm     .   (no cloak)
rCorr    +         Rampage  .   t - +2 pair of gloves
Will     +....     NoTele   +   s - +2 pair of boots
Stlth    ..........             b - amulet of reflection
HPRegen  0.35/turn              c - ring of Xom's Malicious Joy {rN++ rCorr Stlth+}
MPRegen  0.13/turn              z - ring of ice

@: lethally poisoned (-12 -> -69), silenced, frozen, flying, hasted and slowed,
very slow
A: horns 2, retaliatory headbutt
a: Renounce Religion


You were in the Dungeon.
You worshipped Trog.
Trog was extremely pleased with you.
You visited 1 branch You collected 3996 gold pieces.
You spent 3942 gold pieces at shops.

Inventory:

Hand Weapons
 v - the +9 battleaxe "Gevoll" {antimagic, rPois rN+}
   (Trog gifted it to you in the Dungeon)

   It reduces the magical energy of the wielder, and disrupts the spells and
   magical abilities of those it strikes.
   Natural abilities and divine invocations are not affected.
   rPois:     It protects you from poison.
   rN:        It protects you from negative energy.
 x - the +8 lajatang of Minotaur's Death {vorpal, rElec rF+}
   (Trog gifted it to you in the Dungeon)

   It inflicts extra damage upon your enemies.
   rF:        It protects you from fire.
   rElec:     It insulates you from electricity.
 G - a +1 quarterstaff
 I - the +14 obsidian axe (weapon) {vorpal, Mesm Drain Fly SInv}
   (You acquired it in the Dungeon)

   It inflicts extra damage upon your enemies.
   It occasionally summons demons to assist the wielder when it strikes in
   combat.
   Its wielder is mesmerised by any visible foes.
   It cannot be unequipped while any foes are visible.
   SInv:      It lets you see invisible.
   Fly:       It grants you flight.
   Drain:     It drains your maximum health when unequipped.
Missiles
 l - 4 atropa-tipped darts (quivered)
Armour
 p - a +4 chain mail of cold resistance (worn)
 s - a +2 pair of boots (worn)
 t - a +2 pair of gloves (worn)
Jewellery
 b - an amulet of reflection (around neck)
 c - the ring of Xom's Malicious Joy (left hand) {rN++ rCorr Stlth+}
   (You found it in the Dungeon)

   [ring of resist corrosion]

   rN:        It greatly protects you from negative energy.
   rCorr:     It protects you from acid and corrosion.
   Stlth:     It makes you more stealthy.
 j - a ring of resist corrosion
 z - a ring of ice (right hand)
Wands
 o - a wand of flame (8)
 y - a wand of iceblast (3)
Scrolls
 a - a scroll of fear
 h - 3 scrolls of blinking
 m - a scroll of torment
 q - a scroll of enchant weapon
 w - a scroll of immolation
 A - 2 scrolls of fog
 C - a scroll of summoning
 E - 2 scrolls of identify
 J - a scroll of silence
Potions
 f - 2 potions of magic
 g - a potion of berserk rage
 i - a potion of ambrosia
 k - a potion of attraction
 n - a potion of degeneration
 u - 2 potions of curing
 B - a potion of cancellation
 D - a potion of resistance
 F - a potion of lignification
Miscellaneous
 r - a piece from Xom's chessboard (15/15)


   Skills:
 - Level 22.5 Fighting
 - Level 21.0 Axes
 - Level 19.4 Armour
 + Level 8.0 Dodging


You had 13 spell levels left.
You didn't know any spells.
Your spell library was empty.

Dungeon Overview and Level Annotations

Branches:
Dungeon (1/1)

Altars:
Cheibriados
Dithmenos
Elyvilon
Fedhas
Gozag
Hepliaklqana
Kikubaaqudgha
Makhleb
Nemelex Xobeh
Okawaru
Qazlal
Ru
Sif Muna
Trog
Uskayaw
Vehumet
Wu Jian
Xom
Yredelemnul
Zin
The Shining One
Jiyva
Lugonu

Shops:
D ((*(*=*:!*??[=([?(

Annotations:
D Lom Lobon, Tiamat


Innate Abilities, Weirdness & Mutations

You have a pair of horns on your head.
You reflexively headbutt those who attack you in melee.


Message History

Blink to where?
Press: ? - help, Dir - move target
Found a phantom mirror, a condenser vane and Vuittedo's Tome of Cold.
As you read the scroll of blinking, it crumbles to dust.
Lom Lobon hits you but does no damage.
As you read the scroll of silence, it crumbles to dust.
A profound silence engulfs you.
You are engulfed in dark miasma.
You are poisoned.
The ice encasing you melts away.
You feel very sick.
Lom Lobon blinks!
An arrow hits Lom Lobon, but does no damage!
You feel yourself speed up.
You are engulfed in dark miasma.
You are more poisoned.
You feel extremely sick. Lom Lobon gestures at you.
Lom Lobon conjures a mighty blast of ice!
The great icy blast engulfs you!!! You partially resist.
* * * LOW HITPOINT WARNING * * *
You are encased in ice.
Okay, then.
Okay, then.
You avoid triggering an arrow trap.
You are engulfed in dark miasma.
You are lethally poisoned!
You feel yourself slow down.
* * * LOW HITPOINT WARNING * * *
x2 You feel extremely sick.
Lom Lobon gestures. 3 ball lightnings come into view.
There is an arrow trap here.
Visions of slaying the ball lightning flood into your mind.
You are engulfed in dark miasma.
You are more poisoned.
* * * LOW HITPOINT WARNING * * *
x2 You feel extremely sick.
You break out of your daze!
The ball lightning explodes!
The blast of lightning engulfs Lom Lobon.
Lom Lobon completely resists.
The blast of lightning engulfs you!
You die...

.##§##(#○°.......#)###..#.....§.§
..'.####.........#.#§§..##......§
###.#..'......####)#§##+##.......
..#§#####...###..).#○#≈≈≈##......
.#§.#.)(#####...####°#≈≈≈≈##.....
≈####(........###☼☼○.#≈≈≈≈≈######
≈##.()....#####&§☼○####≈≈≈≈#
###......##^^^*°§°§# #'≈≈≈' #
#.....##.^.°*°@°☼# $##≈≈#≈
###.....#^...○§°○○°#
∩############°○°°°°#
###≈≈≈≈≈≈≈≈.#○°°°°°# #
###########○○○°°°°} #..0..'.
.○○○○°°°#}: #####################


You could see Lom Lobon and 2 ball lightnings.

Vanquished Creatures
  A shadow dragon (D)
  A fire giant (D)
  A deep elf annihilator (D)
  A mummy priest (D)
  2 centaur warriors (D)
  Sonja (D)
  A lindwurm (D)
  A deep troll (D)
  2 oklob plants (D)
  2 merfolk sirens (D)
  A gargoyle (D)
  2 kobold demonologists (D)
  7 unseen horrors (D)
  A hellwing (D)
  4 demonic crawlers (D)
  5 hornets (D)
  A slime creature (D)
  2 redbacks (D)
  Sigmund (D)
  A yak (D)
  13 hogs (D)
  2 floating eyes (D)
  7 necrophages (D)
  An ogre (D)
  8 jellies (D)
  Ijyb (D)
70 creatures vanquished.

Vanquished Creatures (collateral kills)
  A golden dragon (D)
  3 fire giants (D)
  A lorocyproca (D)
  A hydra (D)
  A floating eye (D)
7 creatures vanquished.

Vanquished Creatures (others)
  A gargoyle (D)
  A ball lightning (D)
  2 ballistomycete spores (D)
4 creatures vanquished.

Grand Total: 81 creatures vanquished

Notes
Turn   | Place    | Note
-------+----------+-------------------------------------------
     0 | D        | manyhoops the Minotaur Berserker began the quest for the
                  | Orb.
     0 | D        | Reached XP level 1. HP: 19/19 MP: 0/0
     1 | D        | Noticed Ijyb
    11 | D        | Killed Ijyb
    12 | D        | Reached XP level 2. HP: 18/26 MP: 1/1
   193 | D        | Noticed an ogre
   197 | D        | Killed an ogre
   198 | D        | Reached XP level 3. HP: 31/31 MP: 2/2
   198 | D        | Reached XP level 4. HP: 39/39 MP: 3/3
   239 | D        | Noticed Sigmund
   243 | D        | Killed Sigmund
   243 | D        | Reached ** piety under Trog
   244 | D        | Reached XP level 5. HP: 45/45 MP: 4/4
   244 | D        | Reached XP level 6. HP: 51/51 MP: 5/5
   282 | D        | Found an ornate altar of the Wu Jian Council.
   282 | D        | Found a shimmering blue altar of Sif Muna.
   284 | D        | Found a radiant altar of Vehumet.
   289 | D        | Reached skill level 5 in Fighting
   335 | D        | Found Lexza's Antique Weapon Emporium.
   335 | D        | Found an ancient bone altar of Kikubaaqudgha.
   335 | D        | Found a hazy altar of Hepliaklqana.
   335 | D        | Found a stormy altar of Qazlal.
   335 | D        | Found a hide-covered altar of Uskayaw.
   335 | D        | Found a blossoming altar of Fedhas.
   335 | D        | Found a bloodstained altar of Trog.
   335 | D        | Found an iron altar of Okawaru.
   335 | D        | Found a basalt altar of Yredelemnul.
   335 | D        | Found a glowing golden altar of the Shining One.
   335 | D        | Found a snail-covered altar of Cheibriados.
   335 | D        | Found a sacrificial altar of Ru.
   335 | D        | Found a glowing silver altar of Zin.
   335 | D        | Found a shadowy altar of Dithmenos.
   335 | D        | Found a white marble altar of Elyvilon.
   335 | D        | Noticed a yak
   340 | D        | Killed a yak
   341 | D        | Reached skill level 8 in Fighting
   341 | D        | Reached skill level 5 in Armour
   341 | D        | Found an opulent altar of Gozag.
   342 | D        | Found a sparkling altar of Nemelex Xobeh.
   376 | D        | Found a burning altar of Makhleb.
   376 | D        | Found a viscous altar of Jiyva.
   376 | D        | Found a shimmering altar of Xom.
   376 | D        | Found a corrupted altar of Lugonu.
   376 | D        | Noticed a slime creature
   382 | D        | Killed a slime creature
   382 | D        | Reached *** piety under Trog
   383 | D        | Reached skill level 10 in Fighting
   383 | D        | Reached XP level 7. HP: 73/73 MP: 6/6
   454 | D        | Noticed a centaur warrior
   455 | D        | Noticed a centaur warrior
   479 | D        | Killed a centaur warrior
   480 | D        | Reached skill level 13 in Fighting
   480 | D        | Reached XP level 8. HP: 88/88 MP: 7/7
   483 | D        | Killed a centaur warrior
   484 | D        | Reached skill level 15 in Fighting
   484 | D        | Reached skill level 10 in Armour
   612 | D        | Noticed a hornet
   614 | D        | Paralysed by a hornet for 2 turns
   618 | D        | Killed a hornet
   619 | D        | Reached XP level 9. HP: 93/100 MP: 8/8
   669 | D        | Noticed a deep troll
   674 | D        | Killed a deep troll
   674 | D        | Reached **** piety under Trog
   675 | D        | Reached skill level 16 in Fighting
   712 | D        | Found Heduf's Armour Emporium.
   716 | D        | Bought a +3 chain mail of cold resistance for 291 gold
                  | pieces
   753 | D        | Noticed a kobold demonologist
   755 | D        | Noticed a kobold demonologist
   760 | D        | Killed a kobold demonologist
   761 | D        | Reached skill level 17 in Fighting
   765 | D        | Killed a kobold demonologist
   765 | D        | Reached ***** piety under Trog
   832 | D        | Noticed an oklob plant
   840 | D        | Killed an oklob plant
   895 | D        | Reached skill level 18 in Fighting
   897 | D        | Reached XP level 10. HP: 112/112 MP: 9/9
  1010 | D        | Received a gift from Trog
  1166 | D        | Reached skill level 19 in Fighting
  1166 | D        | Reached ****** piety under Trog
  1167 | D        | Reached skill level 15 in Armour
  1187 | D        | Killed a gargoyle
  1189 | D        | Found Pazu's Weapon Shoppe.
  1189 | D        | Found Pihen's Assorted Antiques.
  1189 | D        | Found Viun's General Store.
  1191 | D        | Found Ibleuph's Jewellery Emporium.
  1191 | D        | Found Apihor's Assorted Antiques.
  1191 | D        | Found Dutehe Dydeq's Book Shoppe.
  1191 | D        | Found Vehul's Distillery.
  1191 | D        | Found Ettov's Assorted Antiques.
  1191 | D        | Found Kuafo's Magic Scroll Shop.
  1191 | D        | Found Zahastroda's Magic Scroll Shoppe.
  1194 | D        | Found Hoiv's Antique Armour Boutique.
  1195 | D        | Found Hussefaz's Antique Weapon Emporium.
  1195 | D        | Found Neqirph's Jewellery Boutique.
  1196 | D        | Bought a pair of gloves for 135 gold pieces
  1196 | D        | Found Lariod's Magic Scroll Emporium.
  1202 | D        | Bought a pair of runed gloves for 120 gold pieces
  1212 | D        | Bought a pair of boots for 72 gold pieces
  1213 | D        | Bought a scroll of enchant armour for 82 gold pieces
  1262 | D        | Noticed Sonja
  1275 | D        | Killed Sonja
  1308 | D        | Found Xohoadgh's Antique Weapon Boutique.
  1591 | D        | Identified the ring of Xom's Malicious Joy {rN++ rCorr
                  | Stlth+}
  1648 | D        | Identified the +9 battleaxe "Gevoll" {antimagic, rPois rN+}
                  | (Trog gifted it to you in the Dungeon)
  1648 | D        | Received a gift from Trog
  1653 | D        | Reached skill level 20 in Fighting
  1671 | D        | Noticed a gargoyle
  1680 | D        | Killed a gargoyle
  1689 | D        | Noticed a lindwurm
  1695 | D        | Killed a lindwurm
  1696 | D        | Reached skill level 15 in Axes
  1715 | D        | Reached XP level 11. HP: 115/124 MP: 3/10
  1722 | D        | Received a gift from Trog
  1739 | D        | Received a gift from Trog
  1752 | D        | Noticed a daeva
  2287 | D        | Noticed a fire giant
  2298 | D        | Killed a fire giant
  2298 | D        | Identified the +8 lajatang of Minotaur's Death {vorpal,
                  | rElec rF+} (Trog gifted it to you in the Dungeon)
  2298 | D        | Received a gift from Trog
  2321 | D        | Noticed a fire giant
  2326 | D        | Killed a fire giant
  2331 | D        | Noticed a fire giant
  2333 | D        | Killed a fire giant
  2333 | D        | Received a gift from Trog
  2339 | D        | Noticed a fire giant
  2342 | D        | Killed a fire giant
  2486 | D        | Found the +4 dragonskin cloak
  2486 | D        | Noticed Tiamat
  2571 | D        | Killed a lorocyproca
  2987 | D        | Bought a wooden ring for 115 gold pieces
  2987 | D        | Bought a scroll labelled BALALA PIYQI for 23 gold pieces
  2987 | D        | Bought a scroll of blinking for 172 gold pieces
  2987 | D        | Bought a scroll labelled URHASTR MOYL for 23 gold pieces
  2987 | D        | Bought a scroll labelled BALALA PIYQI for 23 gold pieces
  2987 | D        | Bought a smoky pink potion for 20 gold pieces
  2987 | D        | Bought a scroll labelled BALALA PIYQI for 23 gold pieces
  2999 | D        | Bought a scroll of identify for 60 gold pieces
  2999 | D        | Bought a scroll of identify for 60 gold pieces
  2999 | D        | Bought a scroll labelled BYUKAWY OTACH for 30 gold pieces
  3004 | D        | Bought 2 potions of experience for 1000 gold pieces
  3004 | D        | Bought a potion of resistance for 100 gold pieces
  3004 | D        | Reached XP level 12. HP: 134/134 MP: 3/11
  3006 | D        | Bought a scroll of identify for 40 gold pieces
  3006 | D        | Bought a scroll of identify for 40 gold pieces
  3006 | D        | Bought a scroll of blinking for 150 gold pieces
  3006 | D        | Bought a viscous orange potion for 18 gold pieces
  3008 | D        | Bought a scroll of fog for 28 gold pieces
  3088 | D        | Noticed a 12-headed hydra
  3091 | D        | Paralysed by a floating eye for 4 turns
  3092 | D        | Killed a 13-headed hydra
  3168 | D        | Reached skill level 21 in Fighting
  3168 | D        | Reached XP level 13. HP: 133/143 MP: 4/12
  3400 | D        | Noticed a golden dragon
  3401 | D        | Noticed a shadow dragon
  3412 | D        | Killed a shadow dragon
  3413 | D        | Reached XP level 14. HP: 108/151 MP: 4/13
  3416 | D        | Killed a golden dragon
  3417 | D        | Reached skill level 22 in Fighting
  3660 | D        | Found Pogoib's Weapon Shoppe.
  3744 | D        | Received a gift from Trog
  4093 | D        | Reached skill level 5 in Dodging
  4157 | D        | Bought a ring of flight for 192 gold pieces
  4158 | D        | Bought a scroll of acquirement for 624 gold pieces
  4158 | D        | Bought a scroll of blinking for 90 gold pieces
  4158 | D        | Acquired the +14 obsidian axe {vorpal, Mesm Drain Fly SInv}
  4158 | D        | Found the +14 obsidian axe {vorpal, Mesm Drain Fly SInv}
  4166 | D        | Bought a scroll of silence for 82 gold pieces
  4166 | D        | Bought 3 scrolls of enchant armour for 247 gold pieces
  4166 | D        | Bought a scroll of silence for 82 gold pieces
  4499 | D        | Noticed Lom Lobon
  4507 | D        | HP: 2/155 [poison (dark miasma)]
  4507 | D        | Killed by an exploding ball lightning

Illustrated notes

Levels and vault maps discovered:
D:        dungeon_sprint_1 [red_sonja_temple_1, red_sonja_temple_small_1]

Skill      XL: |  1  2  3  4  5  6  7  8  9 10 11 12 13 14 |
---------------+-------------------------------------------+-----
Axes           | 8 11 14 15 21 | 21.0
Fighting       | 10 13 15 18 20 21 22 | 22.5
Armour         | 6 9 11 13 16 17 19 | 19.4
Dodging        | 8 |  8.0

Action                   |  1- 3 |  4- 6 |  7- 9 | 10-12 | 13-15 || total
-------------------------+-------+-------+-------+-------+-------++-------
Melee: Hand axe          |    11 |    13 |    37 |    20 |       ||    81
       Headbutt          |     1 |     3 |    14 |    26 |     4 ||    48
       War axe           |       |       |       |    29 |       ||    29
       Battleaxe         |       |       |       |    59 |    25 ||    84
       Broad axe         |       |       |       |       |     4 ||     4
Throw: Dart              |       |       |     1 |       |       ||     1
Invok: Berserk           |     2 |     4 |     6 |     4 |     3 ||    19
       Trog's Hand       |       |       |     1 |     3 |       ||     4
       Brothers in Arms  |       |       |       |     6 |     2 ||     8
  Use: Scroll            |       |       |       |    12 |     7 ||    19
       Potion            |       |       |       |     3 |     2 ||     5
Armor: Ring mail         |       |     1 |    10 |       |       ||    11
       Chain mail        |       |       |     2 |   122 |    85 ||   209
Dodge: Dodged            |     6 |     3 |    19 |    46 |    13 ||    87
Block: Other             |       |       |       |       |     1 ||     1
